Unix NetHack Version 5.0.0-0 post-release - last build Jun 10 2026 00:39:30 (3ee93aec679c4c4259841fe613dc97188e26a321,branch:main).

Game began 2026-06-20 19:10:47, ended 2026-06-20 22:23:46.

Cuchullain, neutral male human Barbarian

                                                       -------
                                                       |<....|       ---------
                                                      #......|       |.......|
                                                      #|.[...|      #....(...|
                                                      #--|----      #|.......|
                                                      ## #          #|.......|
                                                       # #          #---------
                                                       # #          ##
                                                       # #           #
                                                       h #   -----   #
                                                       @ #   |...|   #
                                                       e ### |...|   #
                                                          -|--...----#
                                                          |.........|#
                                                          |..........#
                                                          |.........|
                                                          -----------

Cuchullain the Bandit      St:17 Dx:18 Co:18 In:7 Wi:8 Ch:7  Neutral
Dlvl:4  $:269 HP:0(66) Pw:15(15) AC:2  Xp:6/367 T:3110 

Latest messages:
 (For instructions type a '?')
 You descend the stairs.
 You kill the newt!
 The door opens.
 You find a hidden door.
 The door opens.
 The sewer rat misses!
 You miss the sewer rat.
 The sewer rat bites!
 You kill the sewer rat!
 You see here a sewer rat corpse.
 There is a sewer rat corpse here; eat it? [ynq] (n) y
 This sewer rat corpse is tough.
 You finish eating the sewer rat corpse.
 You see here a chest.
 c - a scroll labeled ELBIB YLOH.
 g - 2 potions of healing.
 Where do you want to travel to?
 (For instructions type a '?')
 The goblin misses!
 You kill the goblin!
 There is a goblin corpse here; eat it? [ynq] (n) y
 This goblin corpse tastes terrible!
 You finish eating the goblin corpse.
 You smite the floating eye!
 You are frozen by the floating eye's gaze!
 A dagger misses you.
 The dwarf hits!
 The dwarf hits!
 The dwarf hits!
 The dwarf hits!
 The dwarf hits!
 The dwarf hits!
 The dwarf hits!
 The dwarf hits!
 The dwarf hits!
 The dwarf hits!
 The dwarf hits!
 The dwarf just misses!
 You hear someone counting gold coins.
 The dwarf just misses!
 The dwarf hits!
 The dwarf hits!
 The dwarf hits!
 You die...
 Do you want your possessions identified? [ynq] (y) y
 Do you want to see your attributes? [ynq] (y) y
 Do you want an account of creatures vanquished? [ynaq] (y) y
 Do you want to see your conduct and achievements? [ynq] (y) y
 Do you want to see the dungeon overview? [ynq] (y) y

Inventory:
 Coins    ('$')
  $ - 269 gold pieces
 Weapons  (')')
  f - 6 +0 darts
  V - 10 +0 darts
  j - a +3 dagger
  u - 2 +0 daggers
  s - a cursed -2 dagger
  n - a blessed +3 knife named +3
  b - a +0 axe
  a - a +0 two-handed sword (weapon in hands)
 Armor    ('[')
  p - an uncursed +0 orcish helm (being worn)
  v - a blessed +1 pair of iron shoes (being worn)
  w - an uncursed +0 dwarvish cloak (being worn)
  B - an uncursed +0 scale mail (being worn)
 Comestibles  ('%')
  Y - an uncursed cram ration
  d - 4 uncursed food rations
 Scrolls  ('?')
  c - a cursed scroll of enchant armor
  l - an uncursed scroll of enchant weapon
  q - an uncursed scroll of food detection
 Potions  ('!')
  r - a cursed potion of gain energy
  g - 2 uncursed potions of healing
 Wands    ('/')
  m - a wand of light (0:14)
  e - a wand of light (0:10)
 Tools    ('(')
  x - a +0 pick-axe
  F - an uncursed tin whistle

Cuchullain the Barbarian's attributes:

Background:
 You were a Bandit, a level 6 male human Barbarian.
 You were neutral, on a mission for Crom
 who was opposed by Mitra (lawful) and Set (chaotic).
 You were right-handed.
 You were in the Dungeons of Doom, on level 4.
 You entered the dungeon 3110 turns ago.
 It was nighttime.
 You had 367 experience points, 273 more were needed to attain level 7.

Basics:
 You had 0 out of 66 hit points.
 You had all 15 energy points (spell power).
 Your armor class was 2.
 Your wallet contained 269 zorkmids.
 Autopickup was off.

Final Characteristics:
 Your strength was 17 (limit:18/100).
 Your dexterity was 18 (limit:18).
 Your constitution was 18 (limit:18).
 Your intelligence was 7 (limit:18).
 Your wisdom was 8 (limit:18).
 Your charisma was 7 (limit:18).

Final Status:
 You weren't hungry.
 You were unencumbered.
 You were wielding a two-handed sword.
 You had basic skill with two-handed sword and could have enhanced that.

Final Attributes:
 You were piously aligned.
 Your items were somewhat protected from fire.
 Your items were somewhat protected from cold.
 You were poison resistant.
 You were warded.
 You are dead.

Miscellaneous:
 You didn't encounter any bones levels.
 Total elapsed playing time was 1 hour, 8 minutes and 15 seconds.

Major events:
 Turn
    1: Cuchullain the neutral male human Barbarian entered the dungeon
  582: entered the Gnomish Mines
  796: attained the rank of Pillager (level 3)
 2621: attained the rank of Bandit (level 6)
 3110: killed by a dwarf, while frozen by a floating eye's gaze

You didn't know any spells.

Skills:
 Fighting Skills
   bare handed combat [Basic]
   two weapon combat  [Unskilled]
   riding             [Unskilled]
 Weapon Skills
   dagger             [Unskilled]
   axe                [Basic]
   pick-axe           [Unskilled]
   short sword        [Unskilled]
   broadsword         [Unskilled]
   long sword         [Unskilled]
   two-handed sword   [Basic]
   saber              [Unskilled]
   club               [Unskilled]
   mace               [Unskilled]
   morning star       [Unskilled]
   flail              [Unskilled]
   hammer             [Unskilled]
   quarterstaff       [Unskilled]
   spear              [Unskilled]
   trident            [Unskilled]
   bow                [Unskilled]
 Spellcasting Skills
   attack spells      [Unskilled]
   escape spells      [Unskilled]

Voluntary challenges:
 Character rerolling was not enabled.
 You never genocided any monsters.
 You never polymorphed an object.
 You never changed form.
 You used no wishes.
Achievements:
 You entered the Gnomish Mines.
 You entered a shop.
 You attained the rank of Pillager.
 You attained the rank of Bandit.

 The Dungeons of Doom: levels 1 to 4
    Level 1: "altar, vault"
       An altar, a fountain.
    Level 2:
       A general store, some fountains.
       Stairs down to The Gnomish Mines.
    Level 3:
       A general store.
    Level 4: <- You were here.
       Final resting place for
          you, killed by a dwarf, while frozen by a floating eye's gaze.
 The Gnomish Mines: levels 3 to 4
    Level 3:
    Level 4:


Vanquished creatures:
  4 rock piercers
  2 gnome leaders
  7 dwarves
  a homunculus
  a rabid rat
 an iguana
 an acid blob
  a hobbit
 11 manes
  2 large kobolds
  a brown mold
  a green mold
  a red mold
 10 gnomes
  8 jackals
  a fox
  2 kobolds
  3 goblins
  a sewer rat
  5 grid bugs
  4 lichens
  a kobold zombie
  5 newts
74 creatures vanquished.

No species were genocided or became extinct.

Game over:
                       ----------
                      /          \
                     /    REST    \
                    /      IN      \
                   /     PEACE      \
                  /                  \
                  |    Cuchullain    |
                  |      269 Au      |
                  |   killed by a    |
                  |      dwarf       |
                  |                  |
                  |                  |
                  |       2026       |
                 *|     *  *  *      | *
        _________)/\\_//(\/(/\)/\//\/|_)_______

Goodbye Cuchullain the Barbarian...

You died in The Dungeons of Doom on dungeon level 4 with 1871 points,
and 269 pieces of gold, after 3110 moves.
You were level 6 with a maximum of 66 hit points when you died.

